 Dungeon Crawl Stone Soup version 0.15-a0-58-gfb3cfe9 (webtiles) character file.

186 Moondog the Magician (level 4, -9/27 HPs)
             Began as a High Elf Wizard on Apr 5, 2014.
             Mangled by Grinder (10 damage)
             ... on Level 2 of the Dungeon.
             The game lasted 00:13:44 (2954 turns).

Moondog the Magician (High Elf Wizard)              Turns: 2954, Time: 00:13:44

HP  -9/27        AC  2     Str  7      XL: 4   Next: 80%
MP   4/15        EV 12     Int 21      God:
Gold 63          SH  0     Dex 14      Spells:  5 memorised,  1 level left

rFire  . . .     SeeInvis .     m - +0 spear
rCold  . . .     Clarity  .     a - +0 robe
rNeg   . . .     Conserve .     (no shield)
rPois  .         rCorr    .     b - +0 hat
rElec  .         rRot     .     (no cloak)
SustAb . .       Spirit   .     (no gloves)
rMut   .         Warding  .     (no boots)
Saprov . . .     Stasis   .     (no amulet)
MR     .....                    (no ring)
                                (no ring)

@: very slightly contaminated, not resistant to hostile enchantments, fairly
stealthy
A: no striking features
a: no special abilities


You were on level 2 of the Dungeon.
You were not hungry.

You visited 1 branch of the dungeon, and saw 3 of its levels.

You collected 63 gold pieces.

Inventory:

Hand weapons
 m - a +0,+0 spear (weapon)
Armour
 a - a +0 robe (worn)
 b - a +0 hat (worn)
Comestibles
 d - a bread ration
 j - a meat ration
 s - a chunk of quokka flesh
Scrolls
 g - a scroll of enchant weapon II {unknown}
 h - a scroll of fear {unknown}
 k - a scroll of enchant armour {unknown}
 l - 3 scrolls of teleportation {unknown}
 n - 2 scrolls of recharging {unknown}
 o - 3 scrolls of remove curse {unknown}
 p - 2 scrolls of enchant weapon I {unknown}
 q - 2 scrolls of random uselessness {unknown}
 r - 2 scrolls of identify {unknown}
Potions
 e - a potion of heal wounds {unknown}
 f - a potion of agility {unknown}
 i - a potion of curing
Books
 c - a book of Minor Magic

   Spells                             Type                      Level
   *Magic Dart                        Conjuration                  1
   *Blink                             Translocation                2
   Call Imp                           Summoning                    2
   *Repel Missiles                    Charms/Air                   2
   Slow                               Hexes                        2
   *Conjure Flame                     Conjuration/Fire             3
   *Mephitic Cloud                    Conjuration/Poison/Air       3


   Skills:
 - Level 2.1 Dodging
 - Level 2.1 Stealth
 + Level 4.9 Spellcasting
 + Level 4.0 Conjurations
   Level 0.8 Summonings
 - Level 1.1 Translocations
 * Level 0.0 Air Magic


You had one spell level left.
You knew the following spells:

 Your Spells              Type           Power        Failure   Level  Hunger
a - Magic Dart            Conj           ###.         1%          1    None
e - Conjure Flame         Conj/Fire      ##......     17%         3    ##.....
r - Repel Missiles        Chrm/Air       #.....       17%         2    None
s - Mephitic Cloud        Conj/Pois/Air  ##......     21%         3    ##.....
z - Blink                 Tloc           N/A          12%         2    None


Dungeon Overview and Level Annotations

Branches:
Dungeon (3/15)

Altars:

Annotations:
D:2 Grinder


Message History

Grinder gestures at you.
You suddenly lose the ability to move!
Grinder gestures at you. You resist.
You can move again.
Grinder hits you!
* * * LOW HITPOINT WARNING * * *
You writhe in agony.
* * * LOW HITPOINT WARNING * * *
You climb upwards.
There is a stone staircase leading down here.
Casting: Magic Dart
Confirm with . or Enter, or press ? or * to list all spells.
You blink.
Grinder closely misses you.
Casting: Blink
Confirm with . or Enter, or press ? or * to list all spells.
You miscast Blink.
You are very lightly contaminated with residual magic.
You feel a wrenching sensation. Grinder hits you!
You die...

.....#
#..#.##.#...........#
###.##
#..#.##.#.#...#####.# #.#
#..........#.#.####.#
#.#####..#####............#
#........# #...#.#.######
#######..# #......## #..#
#.%.#### #..#####...#
##....ยง5@.## #.######.#
#.# #.# ######.# ##.##
#...##.# ##...## ###......#
#.....##### ###.......##
#.........# (.........#
#.....###.# #######
###.......# ##...## #.#
#......


You could see Grinder.

Vanquished Creatures
  2 gnolls (D:3)
  6 adders (D:2)
  An inept feature mimic (D:2)
  A giant gecko (D:1)
  5 bats
  4 giant cockroaches (D:2)
  6 goblins
  3 hobgoblins
  4 kobolds
  A quokka (D:2)
  3 giant newts
  3 jackals (D:1)
  7 rats
46 creatures vanquished.

Notes
Turn   | Place    | Note
--------------------------------------------------------------
     0 | D:1      | Moondog, the High Elf Wizard, began the quest for the Orb.
     0 | D:1      | Reached XP level 1. HP: 11/11 MP: 5/5
   378 | D:1      | Reached XP level 2. HP: 9/17 MP: 2/7
   382 | D:1      | Learned a level 2 spell: Blink
   779 | D:1      | Reached skill level 4 in Spellcasting
  1391 | D:2      | Reached XP level 3. HP: 12/21 MP: 1/11
  1517 | D:2      | Learned a level 3 spell: Mephitic Cloud
  1521 | D:2      | Learned a level 3 spell: Conjure Flame
  1963 | D:2      | Reached XP level 4. HP: 27/27 MP: 8/14
  2543 | D:3      | Learned a level 2 spell: Repel Missiles
  2564 | D:3      | Noticed Grinder
  2937 | D:3      | Paralysed by Grinder for 7 turns
  2947 | D:3      | Paralysed by Grinder for 4 turns
  2951 | D:3      | HP: 1/27 [Grinder (1)]
  2954 | D:2      | Mangled by Grinder

Action                   |  1- 3 |  4- 6 || total
-------------------------+-------+-------++-------
Melee: Unarmed           |     1 |       ||     1
       Spear             |       |     1 ||     1
 Cast: Magic Dart        |    93 |    48 ||   141
       Conjure Flame     |       |     1 ||     1
       Blink             |       |     1 ||     1
  Use: Potion            |     1 |       ||     1
